 Dungeon Crawl Stone Soup version 0.22.1-2-g9c5b331383 (webtiles) character file.

44114 Morbidden the Grappler (level 13, -13/108 HPs)
             Began as a Green Draconian Fighter on Nov 23, 2018.
             Was a Believer of Ru.
             Mangled by Rupert
             ... wielding a +3 battleaxe of flaming
              (19 damage)
             ... while paralysed by Rupert
             ... on level 5 of the Lair of Beasts on Nov 29, 2018.
             The game lasted 00:55:50 (17287 turns).

Morbidden the Grappler (Green Draconian Fighter)   Turns: 17287, Time: 00:55:50

Health: -13/108    AC: 16    Str: 20    XL:     13   Next: 94%
Magic:  14/14      EV:  2    Int: 10    God:    Ru [**....]
Gold:   1056       SH:  0    Dex: 13    Spells: 12/12 levels left

rFire    + . .     SeeInvis .   a - +5 demon blade (elec)
rCold    + . .     Gourm    .   y - +1 large shield
rNeg     . . .     Faith    .   (armour unavailable)
rPois    +         Spirit   .   E - +1 hat
rElec    .         Reflect  +   j - +2 cloak
rCorr    .         Harm     .   D - +1 pair of gloves
MR       .....                  t - +1 pair of boots {Fly}
Stlth    ..........             F - +2 amulet of reflection
HPRegen  0.28/turn              m - ring of protection from fire
MPRegen  0.14/turn              u - ring of protection from cold

@: paralysed, short of breath, flying
A: breathe noxious fumes, unfitting armour, poison resistance, screaming 1,
cold-blooded, no stealth, hated by all, AC +8
a: Breathe Noxious Fumes, Renounce Religion, Stop Flying


You were on level 5 of the Lair of Beasts.
You worshipped Ru.
Ru was pleased with you.
You were very hungry.

You visited 3 branches of the dungeon, and saw 17 of its levels.
You also visited: Volcano.

You collected 1056 gold pieces.

Inventory:

Hand Weapons
 a - a +5 demon blade of electrocution (weapon)
Missiles
 O - 4 throwing nets (quivered)
Armour
 j - a +2 cloak (worn)
 t - a +1 pair of boots of flying (worn)
 y - a +1 large shield (worn)
 D - a +1 pair of gloves (worn)
 E - a +1 hat (worn)
Jewellery
 m - a ring of protection from fire (left hand)
 s - an uncursed ring of resist corrosion
 u - a ring of protection from cold (right hand)
 F - a +2 amulet of reflection (around neck)
 J - an uncursed ring of see invisible
 N - an uncursed amulet of harm {unknown}
Wands
 i - a wand of paralysis (25)
 x - a wand of flame (25)
 H - a wand of acid (3)
 L - a wand of random effects (24)
 M - a wand of iceblast (3)
 P - a wand of polymorph (14)
Scrolls
 f - 3 scrolls of amnesia
 k - 4 scrolls of remove curse
 l - 14 scrolls of teleportation
 n - 4 scrolls of enchant armour
 o - 3 scrolls of fear
 p - 2 scrolls of noise
 q - 2 scrolls of immolation
 r - a scroll of magic mapping
 v - 3 scrolls of blinking {unknown}
 G - a scroll of random uselessness {unknown}
 I - a scroll of holy word {unknown}
 Q - a scroll of fog {unknown}
 R - a scroll of summoning {unknown}
Potions
 b - 2 potions of might
 d - a potion of mutation
 e - 6 potions of brilliance
 g - 3 potions of flight
 h - 2 potions of ambrosia
 w - 2 potions of resistance
 z - a potion of haste
 A - a potion of berserk rage
 B - a potion of cancellation
 C - 2 potions of magic
 K - a potion of curing
 S - a potion of lignification
Comestibles
 c - 25 rations


   Skills:
 + Level 8.3 Fighting
 * Level 11.7 Long Blades
 + Level 8.9 Dodging
 + Level 11.4 Shields
 + Level 14.2 Unarmed Combat
 + Level 1.9 Evocations


You had 12 spell levels left.
You didn't know any spells.
Your spell library contained the following spells:

 Spells                   Type           Power        Failure   Level  Hunger
 Apportation              Tloc           #.....       91%         1    ##.....
 Confusing Touch          Hex            #.....       91%         1    ##.....
 Infusion                 Chrm           #...         91%         1    ##.....
 Magic Dart               Conj           #...         91%         1    ##.....
 Pain                     Necr           #...         91%         1    ##.....
 Sandblast                Erth           #.....       91%         1    ##.....
 Shock                    Conj/Air       #...         91%         1    ##.....
 Blink                    Tloc           N/A          97%         2    ###....
 Passwall                 Tmut/Erth      #.......     97%         2    ###....
 Searing Ray              Conj           #.....       97%         2    ###....
 Shroud of Golubria       Chrm/Tloc      #.........   97%         2    ###....
 Slow                     Hex            #.......     97%         2    ###....
 Song of Slaying          Chrm           #.......     97%         2    ###....
 Swiftness                Chrm/Air       #.......     97%         2    ###....
 Conjure Flame            Conj/Fire      #.......     100%        3    ####...
 Dazzling Spray           Conj/Hex       #.....       100%        3    ####...
 Mephitic Cloud           Conj/Pois/Air  #.......     100%        3    ####...
 Regeneration             Chrm/Necr      #.........   100%        3    ####...
 Spectral Weapon          Hex/Chrm       #.......     100%        3    ####...
 Static Discharge         Conj/Air       #.......     100%        3    ####...
 Stone Arrow              Conj/Erth      #.....       100%        3    ####...
 Vampiric Draining        Necr           #.........   100%        3    ####...
 Airstrike                Air            #.........   100%        4    #####..
 Force Lance              Conj/Tloc      #.......     100%        4    #####..
 Fulminant Prism          Conj/Hex       #.........   100%        4    #####..
 Iskenderun's Mystic Bla  Conj           #.......     100%        4    #####..
 Petrify                  Tmut/Erth      #.......     100%        4    #####..
 Lee's Rapid Deconstruct  Erth           #.........   100%        5    ######.
 Lightning Bolt           Conj/Air       #.........   100%        5    ######.
 Animate Skeleton         Necr           Unusable     N/A         1    N/A
 Summon Butterflies       Summ           Unusable     N/A         1    N/A
 Summon Small Mammal      Summ           Unusable     N/A         1    N/A
 Call Imp                 Summ           Unusable     N/A         2    N/A
 Call Canine Familiar     Summ           Unusable     N/A         3    N/A
 Animate Dead             Necr           Unusable     N/A         4    N/A
 Summon Ice Beast         Ice/Summ       Unusable     N/A         4    N/A
 Summon Mana Viper        Hex/Summ       Unusable     N/A         5    N/A
 Summon Hydra             Summ           Unusable     N/A         7    N/A

Dungeon Overview and Level Annotations

Branches:
Dungeon (11/15)            Temple (1/1) D:4            Lair (5/6) D:11
  Swamp (0/4) Lair:3       Spider (0/4) Lair:3          Orc (0/2) D:10
  Slime: Lair:5-6

Altars:
Ashenzari
Cheibriados
Dithmenos
Elyvilon
Fedhas
Gozag
Hepliaklqana
Kikubaaqudgha
Makhleb
Nemelex Xobeh
Okawaru
Qazlal
Ru
Sif Muna
Trog
Uskayaw
Vehumet
Wu Jian
Xom
Yredelemnul
Zin
The Shining One
Lugonu

Shops:
D:4 *   D:5 *

Portals:
Trove: D:11 (give +3 gold dragon scales)

Annotations:
D:6 1 runed door
Lair:3 Fyciun's ghost, journeyman MiFi
Lair:5 Rupert


Innate Abilities, Weirdness & Mutations

You can breathe blasts of noxious fumes.
Your lurid green scales are hard. (AC +8)
You cannot fit into any form of body armour.
Your system is resistant to poisons. (rPois)
You occasionally shout uncontrollably at your foes.
You are cold-blooded and may be slowed by cold attacks.
You cannot be stealthy.
You are hated by all.


Message History

Rupert hits you with a battleaxe of flaming.
The worker ant bites you.
You focus your will and blind the worker ant in retribution!
The worker ant bites you but does no damage. x3
Rupert roars madly and goes into a rage!
Rupert goes berserk!
The worker ant bites you but does no damage. x2
The worker ant is no longer blind.
The worker ant bites you but does no damage.
Rupert hits you with a battleaxe of flaming!!
* * * LOW HITPOINT WARNING * * *
Rupert burns you.
* * * LOW HITPOINT WARNING * * *
You focus your will and illuminate Rupert in retribution!
The worker ant bites you but does no damage.
The worker ant bites you.
* * * LOW HITPOINT WARNING * * *
The worker ant bites you but does no damage.
Rupert hits you with a battleaxe of flaming!!
You die...

..#....#..........###
.#..##.........#...a#
#...##...#.P........#
..........#........#
..........##.......##
............#.......#
..................P.#
.........####..aa.P##
........## ##.@@P##
........# #.aPP#
........+....'...##
........#....#..P#
........##..##...#
...P.... ### ..P##
....... ...P# ..#...
.....# .##.. P...#


You could see Rupert (berserk) and 4 worker ants.

Vanquished Creatures
  Gastronok (D:8)
  Kirke (Lair:4)
  2 entropy weavers (Lair:5)
  A red draconian (Volcano)
  4 hydras
  Harold (Lair:2)
  A centaur warrior (Volcano)
  Erica (Lair:2)
  A queen ant (Lair:5)
  2 two-headed ogres (D:10)
  8 death yaks
  Pikel (D:5)
  4 cyclopes
  Joseph (D:7)
  A manticore (D:11)
  2 molten gargoyles (Volcano)
  6 spiny frogs
  4 black mambas
  A torpor snail (Lair:2)
  A rime drake (Lair:3)
  5 komodo dragons
  2 yaktaurs (Volcano)
  A jumping spider (Lair:3)
  A troll (D:11)
  6 dream sheep
  A tyrant leech (Lair:3)
  A hornet (D:11)
  2 hippogriffs
  13 blink frogs
  A shadow (D:10)
  2 redbacks (Lair:3)
  A spriggan (D:7)
  8 fire bats (Volcano)
  3 basilisks
  8 yaks
  A hog (Lair:4)
  2 humans (Lair:4)
  A steam dragon (D:10)
  21 soldier ants
  An acid dragon (D:11)
  7 porcupines
  5 water moccasins
  4 slaves (D:5)
  2 orc warriors (D:9)
  A black bear (D:11)
  An ice beast (D:5)
  An eye of draining (D:11)
  An eye of draining (shapeshifter) (D:10)
  4 ogres
  11 wolves (Lair:4)
  9 centaurs
  10 crocodiles
  3 big kobolds
  12 bullfrogs
  A gnoll sergeant (D:11)
  2 scorpions
  4 killer bees (D:10)
  5 howler monkeys
  5 electric eels
  12 lava snakes
  2 centaur zombies
  5 crimson imps
  2 orc priests
  6 hounds
  3 jellies
  6 orc wizards
  2 bullfrog skeletons
  5 iguanas
  27 worker ants
  A hound skeleton (D:6)
  13 gnolls
  12 adders
  2 shadow imps
  3 oozes
  3 adder zombies
  5 worms
  2 dart slugs
  3 leopard geckos
  36 orcs
  2 ball pythons
  A giant cockroach (D:3)
  9 goblins
  12 hobgoblins
  7 jackals
  21 kobolds
  4 quokkas
  14 bats
  3 frilled lizards
  A jackal skeleton (D:5)
  A leopard gecko zombie (D:5)
  5 rats
  A bush (Lair:3)
  4 plants (Lair:3)
448 creatures vanquished.

Vanquished Creatures (collateral kills)
  A soldier ant (Lair:5)
  A worker ant (Lair:5)
2 creatures vanquished.

Vanquished Creatures (others)
  A death yak (D:11)
  A centaur (Lair:2)
  An orc wizard (D:11)
  A worker ant (Lair:5)
  A kobold (D:9)
  2 bushes
  A fungus (Lair:4)
  9 plants
17 creatures vanquished.

Grand Total: 467 creatures vanquished

Notes
Turn   | Place    | Note
-------+----------+-------------------------------------------
     0 | D:1      | Morbidden the Draconian Fighter began the quest for the
                  | Orb.
     0 | D:1      | Reached XP level 1. HP: 19/19 MP: 1/1
    90 | D:1      | Reached XP level 2. HP: 21/26 MP: 2/2
   712 | D:2      | Reached XP level 3. HP: 28/31 MP: 3/3
  1416 | D:3      | Reached skill level 3 in Unarmed Combat
  1416 | D:3      | Reached XP level 4. HP: 35/40 MP: 4/4
  2472 | D:4      | Reached XP level 5. HP: 43/46 MP: 5/5
  2537 | D:4      | Noticed a phantom
  2796 | D:4      | Reached skill level 4 in Unarmed Combat
  3537 | D:4      | Found a staircase to the Ecumenical Temple.
  3545 | Temple   | Entered the Ecumenical Temple
  3557 | D:4      | Reached XP level 6. HP: 21/52 MP: 6/6
  3909 | D:4      | Found Ypruxicerua's Elemental Accessories.
  4246 | D:4      | Found an iron altar of Okawaru.
  4318 | D:5      | Entered Level 5 of the Dungeon
  4332 | D:5      | Found Biucemm's Serpentskin Sales.
  4332 | D:5      | Noticed a water moccasin
  4348 | D:5      | Killed a water moccasin
  4348 | D:5      | Reached skill level 5 in Unarmed Combat
  4423 | D:5      | Found a radiant altar of Vehumet.
  4754 | D:5      | Your scales start taking on a lurid green colour.
  4754 | D:5      | Reached XP level 7. HP: 58/58 MP: 7/7
  4754 | D:5      | Gained mutation: Your system is resistant to poisons.
                  | (rPois) [Green Draconian growth]
  4758 | D:5      | Noticed Pikel
  4849 | D:5      | Killed Pikel
  4849 | D:5      | Reached skill level 5 in Shields
  4849 | D:5      | Reached skill level 7 in Unarmed Combat
  4849 | D:5      | Reached XP level 8. HP: 36/66 MP: 8/8
  5320 | D:6      | Found a glowing golden altar of the Shining One.
  5320 | D:6      | Found a runed door.
  5320 | D:6      | Noticed an angel
  5502 | D:6      | Reached skill level 5 in Dodging
  5508 | D:6      | Reached skill level 8 in Unarmed Combat
  5828 | D:6      | Found a shadowy altar of Dithmenos.
  5829 | D:6      | Found a sacrificial altar of Ru.
  5838 | D:6      | Found a blossoming altar of Fedhas.
  5838 | D:6      | Found an opulent altar of Gozag.
  5844 | D:6      | Became a worshipper of Ru the Awakened
  5849 | D:6      | Found a deep blue altar of Sif Muna.
  5850 | D:6      | Found a shimmering altar of Xom.
  5851 | D:6      | Found a stormy altar of Qazlal.
  6057 | D:7      | Found a sparkling altar of Nemelex Xobeh.
  6125 | D:7      | Reached skill level 9 in Unarmed Combat
  6125 | D:7      | Reached XP level 9. HP: 69/71 MP: 9/9
  6168 | D:7      | Found a glowing golden altar of the Shining One.
  6212 | D:7      | Found a basalt altar of Yredelemnul.
  6246 | D:7      | Noticed a cyclops
  6263 | D:7      | Killed a cyclops
  6558 | D:7      | Noticed Joseph
  6573 | D:7      | Reached skill level 10 in Unarmed Combat
  6615 | D:7      | Killed Joseph
  6723 | D:8      | Found an ornate altar of the Wu Jian Council.
  6725 | D:8      | Noticed Gastronok
  7003 | D:8      | Killed Gastronok
  7003 | D:8      | Reached skill level 11 in Unarmed Combat
  7003 | D:8      | Reached XP level 10. HP: 78/78 MP: 10/10
  7082 | D:8      | Gained mutation: You are hated by all. [Ru sacrifice]
  7082 | D:8      | Reached * piety under Ru
  7155 | D:8      | Reached skill level 12 in Unarmed Combat
  7499 | D:9      | Found a snail-covered altar of Cheibriados.
  8223 | D:9      | Found a glowing silver altar of Zin.
  8348 | D:10     | Entered Level 10 of the Dungeon
  8425 | D:10     | Found a staircase to the Orcish Mines.
  8522 | D:10     | Noticed a two-headed ogre
  8530 | D:10     | Reached XP level 11. HP: 82/84 MP: 11/11
  8533 | D:10     | Killed a two-headed ogre
  8765 | D:10     | Noticed a two-headed ogre
  8778 | D:10     | Killed a two-headed ogre
  8778 | D:10     | Reached skill level 13 in Unarmed Combat
  9026 | D:11     | Noticed a death yak
  9055 | D:11     | Killed a death yak
  9081 | D:11     | Noticed a death yak
  9083 | D:11     | Noticed a death yak
  9083 | D:11     | Noticed a death yak
  9121 | D:11     | Killed a death yak
  9121 | D:11     | Reached skill level 1 in Long Blades
  9327 | D:11     | Noticed a death yak
  9365 | D:11     | Killed a death yak
  9424 | D:11     | Noticed a death yak
  9457 | D:11     | Killed a death yak
  9496 | D:11     | Killed a death yak
  9496 | D:11     | Reached skill level 5 in Fighting
  9497 | D:11     | Killed a death yak
  9648 | D:11     | Reached skill level 14 in Unarmed Combat
  9688 | D:11     | Paralysed by a gnoll for 3 turns
  9716 | D:11     | Found a portal to a secret trove of treasure.
  9845 | D:11     | Found a burning altar of Makhleb.
 10045 | D:11     | Found a staircase to the Lair.
 10226 | Lair:1   | Entered Level 1 of the Lair of Beasts
 10285 | Lair:1   | Reached XP level 12. HP: 94/94 MP: 12/12
 10549 | Lair:1   | Reached skill level 5 in Long Blades
 11375 | Lair:2   | Noticed Harold
 11406 | Lair:2   | Killed Harold
 11512 | Lair:2   | Found an ancient bone altar of Kikubaaqudgha.
 11633 | Lair:2   | Noticed Erica
 11642 | Lair:2   | Killed Erica
 11688 | Lair:2   | Noticed a death yak
 11689 | Lair:2   | Noticed a death yak
 11689 | Lair:2   | Noticed a death yak
 11769 | Lair:2   | Found an ornate altar of the Wu Jian Council.
 11854 | Lair:2   | Reached skill level 1 in Evocations
 12071 | Lair:2   | Killed a death yak
 12071 | Lair:2   | Reached skill level 10 in Shields
 12081 | Lair:2   | Killed a death yak
 12090 | Lair:2   | Killed a death yak
 13206 | Lair:3   | Found a runed gate.
 13206 | Lair:3   | Found a runed gate.
 13206 | Lair:3   | Found a runed gate.
 13207 | Lair:3   | Noticed Fyciun's ghost (journeyman MiFi)
 13271 | Lair:3   | Noticed a six-headed hydra
 13283 | Lair:3   | Killed a six-headed hydra
 13303 | Lair:3   | Found a dark tunnel.
 13314 | Volcano  | Entered a volcano
 13585 | Volcano  | Reached XP level 13. HP: 76/105 MP: 13/13
 13758 | Volcano  | Found a radiant altar of Vehumet.
 13800 | Volcano  | Noticed a red draconian
 13832 | Volcano  | Killed a red draconian
 13909 | Volcano  | Reached skill level 10 in Long Blades
 14215 | Lair:3   | Found a hole to the Spider Nest.
 14413 | Lair:3   | Gained mutation: You occasionally shout uncontrollably at
                  | your foes. [Ru sacrifice]
 14413 | Lair:3   | Reached ** piety under Ru
 14497 | Lair:3   | Found a staircase to the Swamp.
 15528 | Lair:4   | Noticed Kirke
 15558 | Lair:4   | Killed Kirke
 15893 | Lair:5   | Noticed an entropy weaver
 15897 | Lair:5   | Noticed an entropy weaver
 16210 | Lair:5   | Killed an entropy weaver
 16355 | Lair:5   | Killed an entropy weaver
 16503 | Lair:5   | Gained mutation: You cannot be stealthy. [Ru sacrifice]
 17263 | Lair:5   | Noticed Rupert
 17276 | Lair:5   | Paralysed by Rupert for 2 turns
 17283 | Lair:5   | Paralysed by Rupert for 5 turns
 17286 | Lair:5   | HP: 5/108 [worker ant (5)]
 17287 | Lair:5   | Mangled by Rupert

Skill      XL: |  1  2  3  4  5  6  7  8  9 10 11 12 13 |
---------------+----------------------------------------+-----
Dodging        | 3 4 5 6 7 8 |  8.9
Unarmed Combat | 3 4 5 7 9 11 12 14 | 14.2
Shields        | 4 5 6 7 8 9 10 11 | 11.4
Fighting       | 4 5 7 8 |  8.3
Long Blades    | 4 9 11 | 11.7
Evocations     | 1 |  1.9

Action                   |  1- 3 |  4- 6 |  7- 9 | 10-12 | 13-15 || total
-------------------------+-------+-------+-------+-------+-------++-------
Melee: Unarmed           |   177 |   375 |   328 |   405 |    36 ||  1321
       Tailslap          |    25 |    45 |    48 |    98 |    87 ||   303
       Demon blade       |       |       |       |   264 |   430 ||   694
Throw: Throwing net      |       |       |       |     1 |       ||     1
Invok: Sacrifice Love    |       |       |       |     1 |       ||     1
       Reject Sacrifices |       |       |       |     1 |       ||     1
       Sacrifice Purity  |       |       |       |       |     1 ||     1
       Sacrifice Stealth |       |       |       |       |     1 ||     1
 Abil: Breathe Noxious F |       |       |    21 |    38 |    11 ||    70
Evoke: Wand              |       |       |       |     9 |    12 ||    21
  Use: Scroll            |     1 |     2 |     6 |    15 |     4 ||    28
       Potion            |       |     4 |     2 |     7 |     2 ||    15
 Stab: Sleeping          |       |     1 |     1 |     1 |       ||     3
       Confused          |       |       |     7 |    12 |     4 ||    23
       Distracted        |       |       |       |       |     1 ||     1
       Paralysed         |       |       |       |       |     1 ||     1
  Eat: Chunk             |     1 |    12 |    11 |    19 |     7 ||    50
       Ration            |       |       |       |     3 |     2 ||     5
Armor: Skin              |    47 |   117 |    51 |    92 |   111 ||   418
Dodge: Dodged            |    77 |   164 |    57 |   126 |   131 ||   555
Block: Shield            |    82 |   167 |       |       |       ||   249
       Large shield      |       |     4 |   190 |   507 |   375 ||  1076
       Reflection        |       |       |       |    37 |     3 ||    40
       Rpst.: Demon blade |       |       |       |    25 |    39 ||    64
